 Dungeon Crawl Stone Soup version 0.27-a0-1525-g1038ab4fd7 (webtiles) character file.

Game seed: 14133025327827817924

4956 garrulousMonolith the Torchbearer (level 10, -5/77 HPs)
             Began as a Demonspawn Fighter on July 11, 2021.
             Was a Follower of Yredelemnul.
             Slain by Maggie (13 damage)
             ... on level 8 of the Dungeon.
             The game lasted 00:10:37 (8168 turns).

garrulousMonolith the Torchbearer (DsFi)            Turns: 8168, Time: 00:10:37

Health: -5/77      AC: 15    Str: 24    XL:     10   Next: 28%
Magic:  15/15      EV: 11    Int: 10    God:    Yredelemnul [*.....]
Gold:   417        SH: 11    Dex: 14    Spells: 8/9 levels left

rFire    . . .     SeeInvis .   g - +1 dagger (venom)
rCold    . . .     Faith    .   c - +0 kite shield
rNeg     . . .     Spirit   .   e - +0 plate armour
rPois    .         Reflect  .   q - +0 helmet
rElec    .         Harm     .   (no cloak)
rCorr    .         Rampage  .   (no gloves)
Will     .....                  (no boots)
Stlth    ..........             (no amulet)
HPRegen  0.22/turn              d - +6 ring of strength
MPRegen  0.14/turn              b - +4 ring of evasion

@: about to teleport, mesmerised
A: claws 2, thin metallic scales 1, foul stench 2, condensation shield
a: Renounce Religion, Animate Remains


You were on level 8 of the Dungeon.
You worshipped Yredelemnul.
Yredelemnul was aware of your devotion.
You visited 2 branches of the dungeon, and saw 9 of its levels.

You collected 438 gold pieces.
You spent 21 gold pieces at shops.

Inventory:

Hand Weapons
 a - a +0 trident
 g - a +1 dagger of venom (weapon)
Missiles
 i - 5 throwing nets
 A - 12 boomerangs
 F - 7 poisoned darts (quivered)
Armour
 c - a +0 kite shield (worn)
 e - a +0 plate armour (worn)
 q - a +0 helmet (worn)
Jewellery
 b - a +4 ring of evasion (right claw)
 d - a +6 ring of strength (left claw)
 h - a ring of see invisible
 j - a +6 ring of dexterity
 u - a +6 ring of dexterity
 y - a ring of protection from cold
Wands
 r - a wand of digging (5)
 E - a wand of flame (16)
Scrolls
 m - a scroll of amnesia
 p - a scroll of teleportation
 v - a scroll of fear {unknown}
 w - 3 scrolls of identify
 B - a scroll of noise {unknown}
 D - a scroll of enchant weapon {unknown}
Potions
 f - a potion of invisibility {unknown}
 l - 3 potions of attraction
 n - 2 potions of lignification {unknown}
 o - a potion of mutation
 s - 2 potions of degeneration {unknown}
 x - a potion of might
 z - a potion of flight {unknown}
 C - a potion of ambrosia {unknown}


   Skills:
 + Level 6.3 Fighting
 * Level 7.7 Polearms
 + Level 5.8 Armour
 - Level 5.0 Dodging
 + Level 5.8 Shields
 * Level 7.8 Invocations


You had 8 spell levels left.
You knew the following spells:

 Your Spells              Type           Power      Damage    Failure   Level
a - Animate Skeleton      Necr           0%         N/A       100%        1

Your spell library contained the following spells:

 Spells                   Type           Power      Damage    Failure   Level
 Apportation              Tloc           0%         N/A       100%        1
 Corona                   Hex            0%         N/A       100%        1
 Foxfire                  Conj/Fire      0%         2x1d4     100%        1
 Shock                    Conj/Air       0%         1d3       100%        1
 Summon Small Mammal      Summ           0%         N/A       100%        1
 Blink                    Tloc           N/A        N/A       100%        2
 Call Canine Familiar     Summ           0%         N/A       100%        3
 Conjure Flame            Conj/Fire      0%         6-21      100%        3
 Ignite Poison            Fire/Tmut/Pois 0%         N/A       100%        3
 Inner Flame              Hex/Fire       0%         N/A       100%        3
 Lesser Beckoning         Tloc           0%         N/A       100%        3
 Portal Projectile        Hex/Tloc       0%         N/A       100%        3
 Swiftness                Air            0%         N/A       100%        3
 Airstrike                Air            0%         N/A       100%        4
 Leda's Liquefaction      Hex/Erth       0%         N/A       100%        4
 Manifold Assault         Tloc           0%         N/A       100%        5
 Summon Hydra             Summ           0%         N/A       100%        7
 Fire Storm               Conj/Fire      0%         5d1       100%        9


Dungeon Overview and Level Annotations

Branches:
Dungeon (8/15)             Temple (1/1) D:7            Lair (0/6) D:8

Altars:
Ashenzari
Cheibriados
Dithmenos
Elyvilon
Fedhas
Gozag
Hepliaklqana
Kikubaaqudgha
Makhleb
Nemelex Xobeh
Okawaru
Qazlal
Ru
Sif Muna
Trog
Uskayaw
Vehumet
Wu Jian
Xom
Yredelemnul
Zin
The Shining One

Shops:
D:5 *

Annotations:
D:4 2 transporters, trckry's ghost, amateur DEFE
D:8 Maggie


Innate Abilities, Weirdness & Mutations

You have very sharp fingernails.
You are partially covered in thin metallic scales. (AC +2)
You sometimes emit foul miasma when damaged in melee.
A meltable shield of frost defends you. (SH +0)


Message History

Press: ? - help, Shift-Dir - straight line, f/p - Maggie
Aim: Maggie, wielding a +2 scimitar of distortion and wearing +0 acid dragon scales (mesmerising, 71% to hit)
The bolt of acid hits Maggie.
Maggie is lightly wounded.
The now-empty wand crumbles to dust.
Maggie closely misses you. The yak gores you!
* * * LOW HITPOINT WARNING * * *
Maggie mumbles the words to a spell, but in the wrong order.
You block Maggie's attack.
You cannot move away from Maggie!
Okay, then.
You don't have any such object.
Evoke which item? (* to show all) (? for menu, Esc to quit)
Okay, then.
As you read the scroll of teleportation, it crumbles to dust.
You feel strangely unstable. Maggie casts a spell at you.
The bolt of fire misses you. The yak gores you but does no damage.
You block the kobold brigand's attack.
You feel better. Maggie gestures at you while chanting.
The bolt of fire hits you but does no damage.
Your condensation shield dissipates!
The yak barely misses you.
The kobold throws a stone.
The stone completely misses you.
Okay, then.
You hit Maggie.
Maggie is poisoned.
Maggie is lightly wounded.
Maggie casts a spell.
Maggie draws you further into her thrall.
The kobold brigand hits you with a +0 dagger.
* * * LOW HITPOINT WARNING * * *
You emit a cloud of foul miasma!
The yak gores you!
* * * LOW HITPOINT WARNING * * *
The kobold throws a stone.
The stone hits you but does no damage.
Maggie hits you with a +2 scimitar of distortion.
* * * LOW HITPOINT WARNING * * *
Space warps horribly around you!
You die...
Your body rises from the dead as a mindless zombie.

#..#####..## ####.#
##...# ##..## #..#
###.# ##..# #.## #.#
##.## #)# #.# #..##
#.# #)# ##..###.# #)#
##o.##.#####
#.#########.o...).).
#.K@YYoKooo.....####
.......#.@########..##
...######KK[# #...# .
###K# #.o...
#.###...##...
###....K.# ##...
##...K.#.... .##
#..###...... #
##.#.........


You could see Maggie (mesmerising, very poisoned), 2 yaks, a kobold brigand, an
orc priest, 3 orcs and 4 kobolds.

Vanquished Creatures
  Harold (D:6)
  A two-headed ogre (D:8)
  Pikel (D:4)
  A hornet (D:7)
  Prince Ribbit (D:5)
  A yak (D:8)
  2 wargs (D:8)
  Duvessa (D:4)
  A water moccasin (D:6)
  A sky beast (D:5)
  A hornet zombie (D:7)
  2 orc warriors (D:7)
  A centaur (D:5)
  3 ogres
  A lemure (D:4)
  A kobold brigand (D:7)
  A bullfrog (D:7)
  3 scorpions
  Dowan (D:4)
  4 killer bees (D:8)
  A howler monkey (D:5)
  A centaur zombie (D:8)
  A bullfrog skeleton (D:6)
  A bullfrog zombie (D:5)
  A jelly (D:5)
  5 orc priests
  3 hounds
  A gnoll shaman (D:7)
  9 orc wizards
  An iguana (D:7)
  A killer bee zombie (D:7)
  Robin (D:3)
  A howler monkey zombie (D:5)
  3 adders
  6 gnolls (D:7)
  A shadow imp (D:6)
  A white imp (D:6)
  An ufetubus (D:3)
  4 dart slugs
  24 orcs
  6 endoplasms
  4 giant cockroaches
  20 goblins
  7 hobgoblins
  9 jackals
  6 kobolds
  3 quokkas
  3 ball pythons
  6 bats
  4 frilled lizards
  3 rats
167 creatures vanquished.

Vanquished Creatures (others)
  A killer bee zombie (D:8)
  A plant (D:8)
2 creatures vanquished.

Grand Total: 169 creatures vanquished

Notes
Turn   | Place    | Note
-------+----------+-------------------------------------------
     0 | D:1      | garrulousMonolith the Demonspawn Fighter began the quest
                  | for the Orb.
     0 | D:1      | Reached XP level 1. HP: 18/18 MP: 1/1
   239 | D:1      | Gained mutation: You may rarely emit foul miasma when
                  | damaged in melee. [demonic ancestry]
   239 | D:1      | Reached XP level 2. HP: 23/24 MP: 2/2
   375 | D:1      | Reached skill level 1 in Invocations
   539 | D:1      | Gained mutation: You sometimes emit foul miasma when
                  | damaged in melee. [demonic ancestry]
   539 | D:1      | Reached XP level 3. HP: 24/29 MP: 3/3
   554 | D:1      | Learned a level 1 spell: Animate Skeleton
  1175 | D:2      | Reached skill level 1 in Dodging
  1199 | D:2      | Gained mutation: A meltable shield of frost defends you.
                  | (SH +0) [demonic ancestry]
  1199 | D:2      | Reached XP level 4. HP: 35/35 MP: 5/5
  1216 | D:2      | Found an ornate altar of the Wu Jian Council.
  1666 | D:3      | Noticed an ogre
  1674 | D:3      | Killed an ogre
  1675 | D:3      | Gained mutation: You have sharp fingernails. [demonic
                  | ancestry]
  1675 | D:3      | Reached XP level 5. HP: 19/41 MP: 6/6
  1988 | D:3      | HP: 2/41 [orc (5)]
  2392 | D:3      | Noticed Robin
  2417 | D:3      | Killed Robin
  2566 | D:3      | Reached XP level 6. HP: 48/48 MP: 7/7
  3879 | D:4      | Noticed Duvessa
  3879 | D:4      | Noticed Dowan
  3889 | D:4      | Killed Duvessa
  4130 | D:4      | Killed Dowan
  4131 | D:4      | Gained mutation: You have very sharp fingernails. [demonic
                  | ancestry]
  4131 | D:4      | Reached XP level 7. HP: 54/54 MP: 9/9
  4233 | D:4      | Found a transporter.
  4248 | D:4      | Noticed trckry's ghost (amateur DEFE)
  4251 | D:4      | Found a transporter.
  4799 | D:5      | Entered Level 5 of the Dungeon
  4823 | D:5      | Noticed Prince Ribbit
  4833 | D:5      | Killed Prince Ribbit
  4849 | D:5      | Found Doil Olu's Assorted Antiques.
  4852 | D:5      | Noticed Pikel
  4919 | D:4      | Killed Pikel
  4920 | D:4      | Reached skill level 5 in Polearms
  4920 | D:4      | Gained mutation: You are partially covered in thin metallic
                  | scales. (AC +2) [demonic ancestry]
  4920 | D:4      | Reached XP level 8. HP: 40/61 MP: 9/11
  5033 | D:5      | Bought a brown potion for 21 gold pieces
  5310 | D:5      | Reached skill level 5 in Invocations
  5607 | D:5      | Reached skill level 5 in Fighting
  6260 | D:6      | Found a blossoming altar of Fedhas.
  6350 | D:6      | Got Sif Muna's Incunabulum of the Creative Blaze
  6580 | D:7      | Noticed Harold
  6602 | D:6      | Killed Harold
  6603 | D:6      | Reached skill level 5 in Armour
  6603 | D:6      | Reached skill level 5 in Shields
  6603 | D:6      | Reached XP level 9. HP: 38/68 MP: 13/13
  7549 | D:7      | Found a staircase to the Ecumenical Temple.
  7556 | Temple   | Entered the Ecumenical Temple
  7565 | Temple   | Became a worshipper of Yredelemnul the Dark
  7918 | D:8      | Reached XP level 10. HP: 66/76 MP: 15/15
  7934 | D:8      | Found a staircase to the Lair.
  7934 | D:8      | Noticed a two-headed ogre
  7952 | D:8      | Killed a two-headed ogre
  8110 | D:8      | Reached * piety under Yredelemnul
  8153 | D:8      | Reached skill level 5 in Dodging
  8162 | D:8      | Noticed Maggie
  8168 | D:8      | Slain by Maggie

Illustrated notes

Levels and vault maps discovered:
D:1:      saegor_arrival_miasma, layout_loops_ring, hex_tiny
D:2:      layout_basic, basic_altar, chequers_serial_rivers_marsh
D:3:      layout_basic, minmay_misc_feat_tiny, uniq_robin
D:4:      layout_loops_ring, gammafunk_ghost_arena, uniq_duvessa
D:5:      layout_basic, serial_shops, shop_statue, minmay_ogre_servants,
          uniq_pikel, uniq_prince_ribbit1
D:6:      layout_rooms, lemuel_round_altar
D:7:      layout_basic, minmay_temple_entry_offerings, minmay_circle_x,
          uniq_harold
D:8:      layout_rooms, erik_lair_orcish_takeover, uniq_joseph, uniq_maggie
Temple:   grunt_wide_crystal_templ

Skill      XL: |  1  2  3  4  5  6  7  8  9 10 |
---------------+-------------------------------+-----
Polearms       | 2 3 4 5 6 7 |  7.7
Invocations    | 1 2 3 4 6 7 |  7.8
Shields        | 3 4 5 |  5.8
Dodging        | 1 2 3 4 5 |  5.0
Armour         | 3 4 5 |  5.8
Fighting       | 4 5 6 |  6.3

Action                   |  1- 3 |  4- 6 |  7- 9 | 10-12 || total
-------------------------+-------+-------+-------+-------++-------
Melee: Trident           |    64 |    13 |   124 |    26 ||   227
       Dagger            |    29 |   159 |   240 |    55 ||   483
Throw: Dart              |       |       |     1 |       ||     1
Invok: Animate Remains   |       |       |       |     1 ||     1
Evoke: Wand              |       |       |     4 |     2 ||     6
  Use: Potion            |       |     5 |       |     3 ||     8
       Scroll            |       |       |     6 |     1 ||     7
Armor: Scale mail        |     9 |       |       |       ||     9
       Plate armour      |    80 |    78 |   143 |    45 ||   346
Dodge: Dodged            |    15 |    22 |   103 |    21 ||   161
Block: Kite shield       |    53 |   126 |   296 |    66 ||   541

Table legend: (Time is in decaauts)
 A = Elapsed time spent in this place.
 B = Non-inter-level travel time spent in this place.
 C = Inter-level travel time spent in this place.
 D = Time resting spent in this place.
 E = Time spent auto-exploring this place.
 F = Levels seen in this place.
 G = Mean time per level.
                   A        B        C        D        E       F      G
               +--------+--------+--------+--------+--------+-----+--------+
         Total |   8329 |   8031 |    298 |   1978 |   4605 |   9 |  925.4 |
       Dungeon |   8260 |   7975 |    285 |   1978 |   4557 |   8 | 1032.5 |
        Temple |     68 |     55 |     13 |      0 |     48 |   1 |   68.0 |
               +--------+--------+--------+--------+--------+-----+--------+

Top non-repeatable levels by time:
     D:3: 2517 daAuts
     D:5: 1041 daAuts
     D:7: 932 daAuts
     D:2: 845 daAuts
     D:1: 842 daAuts
     D:6: 815 daAuts
     D:4: 793 daAuts
     D:8: 472 daAuts
  Temple: 68 daAuts
